 Dungeon Crawl Stone Soup version 0.24.0-3-g28a8eb0610 (webtiles) character file.

Game seed: 12472746149418091444, levelgen mode: deterministic

106925 Bombadil the Unseen (level 15, -4/101 HPs)
             Began as a Vampire Enchanter on Nov 1, 2019.
             Was the Champion of Nemelex Xobeh.
             Slain by a wolf spider (7 damage)
             ... on level 1 of the Spider Nest.
             The game lasted 01:50:34 (30685 turns).

Bombadil the Unseen (Vampire Enchanter)            Turns: 30685, Time: 01:50:34

Health: -4/101     AC: 10    Str: 14    XL:     15   Next: 98%
Magic:  22/31      EV: 16    Int: 20    God:    Nemelex Xobeh [******]
Gold:   488        SH:  7    Dex: 29    Spells: 10/38 levels left

rFire    . . .     SeeInvis +   a - +3 dagger of Gopypub {protect, +Blink Dex+4}
rCold    . . .     Gourm    .   j - +0 buckler {rN+}
rNeg     + + .     Faith    .   K - +3 leather armour of Fanaticism {Str+4}
rPois    +         Spirit   .   Z - +0 helmet
rElec    .         Reflect  .   w - +4 cloak of the Worm {rN+ Str+3}
rCorr    .         Harm     .   Q - +0 pair of gloves "Liystri" {rPois Dex+6}
MR       ++...                  S - +1 pair of boots of the Lizard {Stlth+}
Stlth    +++++++++.             M - amulet of magic regeneration
HPRegen  0.46/turn              W - ring of stealth
MPRegen  0.47/turn              P - ring of protection from magic

@: corroded, very slightly contaminated, regenerating quickly
A: no food, fangs 3, iridescent scales 1, see invisible, unbreathing, MP-powered
wands
a: Exsanguinate, Draw Escape, Draw Destruction, Draw Summoning, Triple Draw,
Deal Four, Stack Five, Renounce Religion, Evoke Blink


You were on level 1 of the Spider Nest.
You worshipped Nemelex Xobeh.
Nemelex Xobeh was exalted by your worship.
You were alive.

You visited 7 branches of the dungeon, and saw 27 of its levels.
You also visited: Ossuary.

You collected 2713 gold pieces.
You spent 2225 gold pieces at shops.

Inventory:

Hand Weapons
 a - the +3 dagger of Gopypub (weapon) {protect, +Blink Dex+4}
   (You bought it in a shop on level 2 of the Orcish Mines)

   It grants its wielder temporary protection when it strikes (+7 to AC).
   It affects your dexterity (+4).
   It lets you blink.
Missiles
 g - 4 curare-tipped darts (quivered)
 v - 23 poisoned darts
 L - 4 atropa-tipped darts
Armour
 j - a +0 buckler of positive energy (worn)
 u - a +2 scale mail of magic resistance
 w - the +4 cloak of the Worm (worn) {rN+ Str+3}
   (You found it on level 2 of the Lair of Beasts)

   It affects your strength (+3).
   It protects you from negative energy.
 K - the +3 leather armour of Fanaticism (worn) {Str+4}
   (You found it on level 9 of the Dungeon)

   It affects your strength (+4).
 Q - the +0 pair of gloves "Liystri" (worn) {rPois Dex+6}
   (You found it on level 5 of the Lair of Beasts)

   It affects your dexterity (+6).
   It protects you from poison.
 S - the +1 pair of boots of the Lizard (worn) {Stlth+}
   (You bought it in a shop on level 9 of the Dungeon)

   It makes you more stealthy.
 Z - a +0 helmet (worn)
Jewellery
 b - an uncursed ring of resist corrosion
 M - an amulet of magic regeneration (around neck)
 P - a ring of protection from magic (right hand)
 U - an uncursed ring of protection from cold
 W - a ring of stealth (left hand)
Wands
 d - a wand of flame (32)
 s - a wand of acid (12)
 F - a wand of digging (7)
 I - a wand of polymorph (37)
 N - a wand of paralysis (15)
 V - a wand of random effects (45)
Scrolls
 c - 6 scrolls of fog
 f - 9 scrolls of teleportation
 k - a scroll of acquirement {unknown}
 l - 2 scrolls of magic mapping
 m - 17 scrolls of remove curse
 n - 6 scrolls of enchant armour
 y - 3 scrolls of amnesia
 C - 7 scrolls of fear
 G - 4 scrolls of blinking
 H - 5 scrolls of enchant weapon
 J - a scroll of brand weapon {unknown}
 O - a scroll of immolation
 T - 2 scrolls of summoning
 X - a scroll of vulnerability {unknown}
Potions
 i - a potion of flight
 o - 3 potions of might
 p - 4 potions of brilliance
 q - 6 potions of lignification
 r - 6 potions of heal wounds
 t - 2 potions of ambrosia
 x - 3 potions of berserk rage
 z - 5 potions of haste
 A - 4 potions of agility
 B - a potion of resistance
 D - 8 potions of curing
 Y - a potion of magic
Miscellaneous
 h - a lamp of fire
 E - a crystal ball of energy


   Skills:
 + Level 4.7 Fighting
 + Level 8.1 Short Blades
 + Level 0.1 Throwing
 + Level 3.7 Armour
 + Level 5.0 Dodging
 + Level 20.7 Stealth
 + Level 3.3 Shields
 + Level 12.1 Spellcasting
 + Level 0.7 Conjurations
 + Level 16.3 Hexes
 * Level 5.2 Charms
 + Level 0.5 Necromancy
 + Level 8.4 Ice Magic
 + Level 0.8 Air Magic
 + Level 9.7 Invocations
 + Level 1.6 Evocations


You had 10 spell levels left.
You knew the following spells:

 Your Spells              Type           Power        Failure   Level  Hunger
a - Corona                Hex            ######.      0%          1    N/A
b - Ensorcelled Hibernat  Hex/Ice        ######       1%          2    N/A
c - Confuse               Hex            ######..     1%          3    N/A
d - Tukima's Dance        Hex            ######..     1%          3    N/A
e - Dazzling Spray        Conj/Hex       #####.       1%          3    N/A
f - Regeneration          Chrm/Necr      ###.......   7%          3    N/A
g - Silence               Hex/Air        #####.....   6%          5    N/A
h - Discord               Hex            ######....   52%         8    N/A

Your spell library contained the following spells:

 Spells                   Type           Power        Failure   Level  Hunger
 Infusion                 Chrm           ####         1%          1    N/A
 Song of Slaying          Chrm           ####....     1%          2    N/A
 Spectral Weapon          Hex/Chrm       ######..     1%          3    N/A
 Cause Fear               Hex            ######....   1%          4    N/A
 Shroud of Golubria       Chrm/Tloc      ###...       4%          2    N/A
 Beastly Appendage        Tmut           ##....       8%          1    N/A
 Yara's Violent Unravell  Hex/Tmut       #####.....   8%          5    N/A
 Blink                    Tloc           N/A          12%         2    N/A
 Sticks to Snakes         Tmut           ##......     12%         2    N/A
 Throw Icicle             Conj/Ice       ####....     12%         4    N/A
 Ice Form                 Ice/Tmut       ####....     13%         4    N/A
 Gell's Gravitas          Tloc           ##........   22%         3    N/A
 Lesser Beckoning         Tloc           ##........   22%         3    N/A
 Spider Form              Tmut/Pois      ##........   22%         3    N/A
 Teleport Other           Tloc           ##......     22%         3    N/A
 Passage of Golubria      Tloc           N/A          58%         4    N/A
 Blade Hands              Tmut           ##........   91%         5    N/A
 Deflect Missiles         Chrm/Air       ###.......   98%         6    N/A
 Bolt of Fire             Conj/Fire      ##........   100%        6    N/A
 Iron Shot                Conj/Erth      ##........   100%        6    N/A

Dungeon Overview and Level Annotations

Branches:
Dungeon (15/15)            Temple (1/1) D:6            Lair (6/6) D:11
  Swamp (1/4) Lair:3       Spider (1/4) Lair:4        Slime (0/5) Lair:6
    Orc (2/2) D:10            Elf (1/3) Orc:2        Vaults (0/5) D:14
 Depths (0/5) D:15        Ossuary (visited)

Altars:
Ashenzari
Cheibriados
Dithmenos
Elyvilon
Fedhas
Gozag
Hepliaklqana
Kikubaaqudgha
Makhleb
Nemelex Xobeh
Okawaru
Qazlal
Ru
Sif Muna
Trog
Uskayaw
Vehumet
Wu Jian
Xom
Yredelemnul
Zin
The Shining One
Beogh

Shops:
D:4 *(}   D:9 [=}*   D:13 (   D:15 *   Orc:1 }(   Orc:2 !*(}:

Portals:
Trove: D:12 (give +3 storm dragon scales)

Annotations:
D:6 1 runed translucent door, Froggeryz's ghost, novice DEAs


Innate Abilities, Weirdness & Mutations

You do not eat.
Your natural rate of healing is unusually fast.
You have razor-sharp teeth.
You have supernaturally acute eyesight. (SInv)
You can survive without breathing.
You are partially covered in iridescent scales. (AC +2)
You expend magic power (3 MP) to strengthen your wands.


Message History

The wolf spider closely misses you.
The entropy weaver mumbles some strange words.
The entropic weave corrodes you!
Unknown command.
Unknown command.
The wolf spider closely misses you. The wolf spider bites you!
The wolf spider hits you! You block the wolf spider's attack.
The wolf spider hits you! The wolf spider misses you.
You block the wolf spider's attack. The wolf spider closely misses you.
The wolf spider barely misses you. The wolf spider bites you!
You block the wolf spider's attack. The wolf spider bites you!
* * * LOW HITPOINT WARNING * * *
The entropy weaver casts a spell.
The entropic weave corrodes you! The wolf spider hits you!!
* * * LOW HITPOINT WARNING * * *
You block the wolf spider's attack. The wolf spider misses you.
The wolf spider bites you!
You die...
Your body glows with a rainbow of weird colours and disappears.

#.# #^. #. # ### ###
####.## #.. #.....## ##
##.. #...s..##### ##.##...
##)..#@..#..####......#
###....#.......##..#.....
##......###.>.........#..#
#†^††(..##..#...#.##..#...
#..a.######.......#....#..
#..### ##...#..##...|..
#..# #..#..#...#..#.
#.....^.÷. #...##^#.##..##
#....)^... ##......#..#...


You could see a neutral wolf spider (insane).

Vanquished Creatures
  Jorgrun (D:13)
  Kirke (Elf:1)
  An orc warlord (Orc:1)
  A deep elf demonologist (Orc:2)
  A deep elf annihilator (Elf:1)
  2 vault guards (D:14)
  A yaktaur captain (D:15)
  10 hydras
  Fannar (D:11)
  A centaur warrior (D:13)
  A death knight (D:14)
  4 tengu warriors
  3 two-headed ogres
  8 orc high priests
  2 deep elf knights (Elf:1)
  Sonja (Lair:3)
  A skeletal warrior (D:14)
  2 unseen horrors
  A wizard (D:14)
  3 deep elf archers (Elf:1)
  A phantasmal warrior (D:14)
  3 necromancers
  2 orc knights
  A swamp dragon (Elf:1)
  2 orb spiders (Spider:1)
  3 wolf spiders
  30 deep elf magi
  2 manticores
  An orc sorcerer (Orc:2)
  A cyclops (D:14)
  4 ugly things
  5 slime creatures (D:13)
  A guardian serpent (shapeshifter) (D:15)
  2 black mambas
  17 spiny frogs
  4 gargoyles
  A spiny frog (shapeshifter) (D:14)
  2 centaur skeletons (D:15)
  2 freezing wraiths (D:14)
  A yaktaur (D:14)
  7 komodo dragons
  A rime drake (Lair:5)
  A demonic crawler (Lair:4)
  A tengu conjurer (D:12)
  5 jumping spiders
  5 trolls
  A polar bear (Lair:4)
  2 harpy skeletons (D:15)
  Grinder (D:4)
  6 tyrant leeches
  6 hornets
  A queen bee (Lair:1)
  11 blink frogs (Lair:6)
  A dancing weapon (D:14)
  4 hippogriffs
  A vampire (D:13)
  3 spriggans
  A spriggan (shapeshifter) (D:14)
  2 shadows (D:15)
  17 redbacks
  8 tarantellas (Spider:1)
  A centaur simulacrum (D:15)
  A wraith (D:14)
  3 hogs (Elf:1)
  21 yaks
  4 water elementals
  2 wyverns
  A fire elemental (Elf:1)
  3 basilisks
  19 humans (D:14)
  7 hungry ghosts
  6 vampire mosquitoes
  7 wargs
  Edmund (D:5)
  An acid dragon (D:13)
  A soldier ant (D:10)
  14 water moccasins
  14 orc warriors
  6 porcupines
  3 phantoms
  2 ice beasts
  A sky beast (D:6)
  An eye of draining (D:9)
  9 ogres
  A necrophage (D:11)
  5 wolves (Lair:1)
  11 centaurs
  17 crocodiles
  2 big kobolds
  27 bullfrogs
  2 earth elementals (Elf:1)
  A scorpion (D:8)
  31 killer bees
  9 wights
  4 electric eels
  5 howler monkeys
  2 bullfrog zombies
  6 crimson imps
  3 centaur zombies
  A wyvern simulacrum (D:15)
  7 hounds
  3 jellies
  22 orc priests
  17 orc wizards
  Jessica (D:3)
  4 bullfrog skeletons
  Ijyb (D:5)
  3 iguanas
  12 worker ants
  A hound zombie (D:11)
  8 mummies (Ossuary)
  2 worker ant zombies
  2 gnolls (D:9)
  9 adders
  2 shadow imps
  2 oozes
  2 adder skeletons
  2 worms (D:2)
  4 dart slugs
  4 leopard geckos
  67 orcs
  7 bats
  5 giant cockroaches
  A gnoll zombie (Ossuary)
  13 hobgoblins
  6 jackals
  8 quokkas
  2 ball pythons
  3 frilled lizards
  3 goblins
  2 jackal skeletons
  23 kobolds
  3 kobold zombies (Ossuary)
  4 orc zombies (Ossuary)
  A quokka skeleton (D:9)
  22 rats
749 creatures vanquished.

Vanquished Creatures (collateral kills)
  A hydra (Lair:3)
  A two-headed ogre (D:12)
  4 orc high priests
  A deep elf knight (Elf:1)
  2 deep elf magi (Elf:1)
  2 wolf spiders (Spider:1)
  An orc sorcerer (Orc:1)
  A komodo dragon (Lair:3)
  A demonic crawler (Spider:1)
  4 jumping spiders
  2 redbacks (Spider:1)
  A tarantella (Spider:1)
  2 wargs (Orc:1)
  6 orc warriors
  2 ogres
  A gnoll sergeant (D:9)
  7 wights
  5 orc wizards
  12 orc priests
  A gnoll (D:9)
  18 orcs
75 creatures vanquished.

Vanquished Creatures (others)
  4 dancing weapons
  2 humans (Elf:1)
  2 killer bees (Lair:1)
  3 fungi
  21 plants (Lair:6)
32 creatures vanquished.

Grand Total: 856 creatures vanquished

Notes
Turn   | Place    | Note
-------+----------+-------------------------------------------
     0 | D:1      | Bombadil the Vampire Enchanter began the quest for the Orb.
     0 | D:1      | Reached XP level 1. HP: 13/13 MP: 3/3
   184 | D:1      | Reached XP level 2. HP: 19/19 MP: 5/5
   190 | D:1      | Learned a level 2 spell: Ensorcelled Hibernation
   313 | D:1      | Reached skill level 5 in Stealth
   696 | D:1      | Reached XP level 3. HP: 22/24 MP: 1/6
  1485 | D:2      | Learned a level 3 spell: Confuse
  1653 | D:2      | Reached skill level 5 in Hexes
  1957 | D:2      | Reached XP level 4. HP: 30/30 MP: 7/7
  2346 | D:3      | Reached skill level 6 in Stealth
  2537 | D:3      | Found a shadowy altar of Dithmenos.
  2746 | D:3      | Noticed Jessica
  2759 | D:3      | Killed Jessica
  3025 | D:3      | Found an iron altar of Okawaru.
  3263 | D:3      | Reached skill level 1 in Ice Magic
  3263 | D:3      | Reached XP level 5. HP: 36/36 MP: 0/9
  3373 | D:4      | Reached skill level 7 in Stealth
  3400 | D:4      | Found Boymihor's Assorted Antiques.
  3414 | D:4      | Found Nele's Weapon Boutique.
  3450 | D:4      | Found Musas's Gadget Boutique.
  3459 | D:4      | Reached XP level 6. HP: 42/42 MP: 10/10
  3477 | D:4      | Reached skill level 1 in Fighting
  3560 | D:4      | Found a blossoming altar of Fedhas.
  3577 | D:4      | Found a sand-covered staircase.
  3582 | Ossuary  | Entered an ossuary
  4548 | D:4      | Noticed Grinder
  4577 | D:4      | Killed Grinder
  4577 | D:4      | Reached XP level 7. HP: 33/44 MP: 2/12
  4801 | D:4      | Learned a level 3 spell: Tukima's Dance
  4910 | D:4      | Found a stormy altar of Qazlal.
  4965 | D:5      | Entered Level 5 of the Dungeon
  5214 | D:5      | Reached skill level 8 in Stealth
  5354 | D:5      | Noticed Edmund
  5366 | D:5      | Killed Edmund
  5366 | D:5      | Reached XP level 8. HP: 52/56 MP: 5/14
  5398 | D:5      | Noticed Ijyb
  5404 | D:5      | Killed Ijyb
  5915 | D:6      | Noticed Froggeryz's ghost (novice DEAs)
  5916 | D:6      | Found a runed translucent door.
  5947 | D:6      | Reached skill level 9 in Stealth
  5980 | D:6      | Found a staircase to the Ecumenical Temple.
  5993 | Temple   | Entered the Ecumenical Temple
  6234 | Temple   | Became a worshipper of Nemelex Xobeh the Trickster
  6264 | D:6      | Received a gift from Nemelex Xobeh
  6356 | D:6      | Reached skill level 1 in Invocations
  6404 | D:6      | Reached skill level 10 in Stealth
  6407 | D:6      | Found a basalt altar of Yredelemnul.
  6437 | D:6      | Reached skill level 5 in Spellcasting
  6518 | D:6      | Reached * piety under Nemelex Xobeh
  6720 | D:6      | Noticed a troll
  6722 | D:6      | Killed a troll
  6722 | D:6      | Reached XP level 9. HP: 62/62 MP: 16/16
  7568 | D:7      | Received a gift from Nemelex Xobeh
  7587 | D:7      | Reached skill level 11 in Stealth
  8086 | D:8      | Reached skill level 5 in Short Blades
  8170 | D:8      | Found a hide-covered altar of Uskayaw.
  8199 | D:8      | Found a white marble altar of Elyvilon.
  8250 | D:8      | Reached skill level 1 in Shields
  8823 | D:8      | Reached ** piety under Nemelex Xobeh
  9110 | D:8      | Received a gift from Nemelex Xobeh
  9271 | D:9      | Found Wepruto's Armour Shop.
  9465 | D:9      | Found Taejamal's Jewellery Boutique.
  9510 | D:9      | Reached XP level 10. HP: 68/68 MP: 19/19
  9550 | D:9      | Got an encrusted leather armour
  9561 | D:9      | Identified the +3 leather armour of Fanaticism {Str+4} (You
                  | found it on level 9 of the Dungeon)
  9616 | D:9      | Found Tatwud's Gadget Boutique.
 10000 | D:9      | Found Bisimm's Assorted Antiques.
 10009 | D:9      | Bought a pair of distressingly furry boots for 332 gold
                  | pieces
 10050 | D:9      | Identified the +1 pair of boots of the Lizard {Stlth+} (You
                  | bought it in a shop on level 9 of the Dungeon)
 10140 | D:9      | Reached skill level 12 in Stealth
 10310 | D:9      | Found a shimmering altar of Xom.
 10319 | D:9      | Found an ancient bone altar of Kikubaaqudgha.
 10363 | D:10     | Entered Level 10 of the Dungeon
 10363 | D:10     | Noticed a red ugly thing
 10366 | D:10     | Killed a red ugly thing
 10385 | D:10     | Found a staircase to the Orcish Mines.
 10393 | D:10     | Noticed a gargoyle
 10425 | D:9      | Reached skill level 1 in Armour
 10551 | D:10     | Noticed a gargoyle
 10562 | D:10     | Killed a gargoyle
 10562 | D:10     | Reached skill level 10 in Hexes
 10603 | D:10     | Reached *** piety under Nemelex Xobeh
 10629 | D:10     | Noticed a two-headed ogre
 10636 | D:10     | Killed a two-headed ogre
 10774 | D:10     | Noticed an unseen horror
 10792 | D:10     | Killed an unseen horror
 10792 | D:10     | Reached skill level 5 in Invocations
 10864 | D:10     | Killed a gargoyle
 10869 | D:10     | Received a gift from Nemelex Xobeh
 11080 | D:10     | Reached skill level 13 in Stealth
 11534 | D:11     | Reached **** piety under Nemelex Xobeh
 11536 | D:11     | Noticed Fannar
 11565 | D:11     | Killed Fannar
 11565 | D:11     | Reached XP level 11. HP: 43/74 MP: 2/21
 11712 | D:11     | Received a gift from Nemelex Xobeh
 11791 | D:11     | Noticed a five-headed hydra
 11808 | D:11     | Killed a five-headed hydra
 11860 | D:11     | Learned a level 3 spell: Dazzling Spray
 11878 | D:11     | Reached skill level 1 in Evocations
 11962 | D:11     | Got a distressingly furry robe
 11973 | D:11     | Identified the +1 robe "Lioprib" {Str+3} (You found it on
                  | level 11 of the Dungeon)
 12064 | D:11     | Found a staircase to the Lair.
 12078 | D:11     | Received a gift from Nemelex Xobeh
 12083 | D:11     | Noticed a purple ugly thing
 12107 | D:11     | Killed a purple ugly thing
 12660 | D:11     | Received a gift from Nemelex Xobeh
 12753 | D:12     | Noticed a cyan ugly thing
 12760 | D:12     | Killed a cyan ugly thing
 12858 | D:12     | Noticed a tengu warrior
 12936 | D:12     | Found a portal to a secret trove of treasure.
 13080 | D:12     | Received a gift from Nemelex Xobeh
 13091 | D:12     | Reached ***** piety under Nemelex Xobeh
 13225 | D:12     | Noticed a two-headed ogre
 13235 | D:12     | Killed a two-headed ogre
 13296 | D:12     | Received a gift from Nemelex Xobeh
 13393 | D:12     | Noticed a deep elf mage
 13400 | D:12     | Killed a deep elf mage
 13537 | D:12     | Reached skill level 14 in Stealth
 13540 | D:12     | Killed a tengu warrior
 13674 | Lair:1   | Entered Level 1 of the Lair of Beasts
 13687 | Lair:1   | Received a gift from Nemelex Xobeh
 13689 | Lair:1   | Reached skill level 5 in Ice Magic
 13704 | Lair:1   | Found a hide-covered altar of Uskayaw.
 13952 | Lair:1   | Reached XP level 12. HP: 70/81 MP: 19/24
 14559 | Lair:1   | Received a gift from Nemelex Xobeh
 15032 | Lair:2   | Received a gift from Nemelex Xobeh
 15129 | Lair:2   | Noticed a six-headed hydra
 15145 | Lair:2   | Killed a six-headed hydra
 15145 | Lair:2   | Reached skill level 15 in Stealth
 15508 | Lair:2   | Got a jewelled cloak
 15529 | Lair:2   | Identified the +4 cloak of the Worm {rN+ Str+3} (You found
                  | it on level 2 of the Lair of Beasts)
 15557 | Lair:2   | Received a gift from Nemelex Xobeh
 15717 | Lair:2   | Received a gift from Nemelex Xobeh
 16077 | Lair:3   | Noticed Sonja
 16164 | Lair:3   | Killed Sonja
 16243 | Lair:3   | Noticed an eight-headed hydra
 16251 | Lair:3   | Killed an eight-headed hydra
 16374 | Lair:3   | Found a staircase to the Swamp.
 16376 | Lair:3   | Noticed a five-headed hydra
 16378 | Lair:3   | Killed a five-headed hydra
 16809 | Lair:4   | Found a hole to the Spider Nest.
 17028 | Lair:4   | Received a gift from Nemelex Xobeh
 17352 | Lair:4   | Received a gift from Nemelex Xobeh
 17425 | Lair:4   | Reached skill level 16 in Stealth
 17687 | Lair:5   | Noticed a seven-headed hydra
 17693 | Lair:5   | Killed a seven-headed hydra
 17693 | Lair:5   | Reached XP level 13. HP: 58/87 MP: 19/26
 17965 | Lair:5   | Reached ****** piety under Nemelex Xobeh
 17991 | Lair:5   | Got a pair of translucent gloves
 17997 | Lair:5   | Identified the +0 pair of gloves "Liystri" {rPois Dex+6}
                  | (You found it on level 5 of the Lair of Beasts)
 18130 | Lair:5   | Found a hazy altar of Hepliaklqana.
 18791 | Lair:6   | Entered Level 6 of the Lair of Beasts
 18792 | Lair:6   | Received a gift from Nemelex Xobeh
 19263 | Lair:6   | Reached skill level 17 in Stealth
 19453 | Lair:6   | Reached skill level 10 in Spellcasting
 19519 | Lair:6   | Received a gift from Nemelex Xobeh
 19640 | Lair:6   | Found a staircase to the Slime Pits.
 20500 | Orc:1    | Entered Level 1 of the Orcish Mines
 20980 | Orc:2    | Entered Level 2 of the Orcish Mines
 20980 | Orc:2    | Found a staircase to the Elven Halls.
 21156 | Orc:2    | Found Duvuir's Book Emporium.
 21164 | Orc:2    | Bought a book of Enchantments for 800 gold pieces
 21168 | Orc:2    | Learned a level 3 spell: Regeneration
 21176 | Orc:2    | Learned a level 5 spell: Silence
 21525 | Orc:2    | Noticed an orc warlord
 21677 | Orc:2    | Received a gift from Nemelex Xobeh
 21758 | Orc:1    | Found Pooqix's Gadget Boutique.
 21774 | Orc:1    | Reached XP level 14. HP: 48/95 MP: 28/28
 21795 | Orc:1    | Found Bautu's Weapon Shop.
 22057 | Orc:1    | Killed an orc warlord
 22114 | Orc:2    | Gained mutation: You are dopey. (Int -2) [a neqoxec]
 22641 | Orc:2    | Found a roughly hewn altar of Beogh.
 22806 | Orc:2    | Found Reumponk's Gadget Shoppe.
 22806 | Orc:2    | Found Jogior's Weapon Shop.
 22957 | Orc:2    | Bought the +3 dagger of Gopypub {protect, +Blink Dex+4} for
                  | 636 gold pieces
 23032 | Orc:2    | Found Wuaradoh's General Store.
 23032 | Orc:2    | Found Nekinus's Distillery.
 23217 | Orc:2    | Bought a scroll of summoning for 133 gold pieces
 23217 | Orc:2    | Bought 3 scrolls of identify for 84 gold pieces
 23229 | Orc:2    | Bought a potion of heal wounds for 75 gold pieces
 23229 | Orc:2    | Bought a potion of lignification for 45 gold pieces
 23255 | Orc:2    | Received a gift from Nemelex Xobeh
 23840 | D:13     | Noticed Jorgrun
 23842 | D:13     | Killed Jorgrun
 23842 | D:13     | Reached skill level 18 in Stealth
 23921 | D:13     | Received a gift from Nemelex Xobeh
 24049 | D:13     | You fall into a shaft and drop 2 floors!
 24049 | D:15     | Entered Level 15 of the Dungeon
 24066 | D:15     | Found Taiffu's Changing Room.
 24074 | D:15     | Bought a potion of mutation for 120 gold pieces
 24074 | D:15     | Lost mutation: You are dopey. (Int -2) [potion of mutation]
 24074 | D:15     | Gained mutation: You are partially covered in iridescent
                  | scales. (AC +2) [potion of mutation]
 24074 | D:15     | Gained mutation: You expend magic power (3 MP) to
                  | strengthen your wands. [potion of mutation]
 24236 | D:13     | Received a gift from Nemelex Xobeh
 24252 | D:13     | Found Osea's Weapon Emporium.
 24760 | D:14     | Found a sacrificial altar of Ru.
 25305 | D:14     | Reached skill level 15 in Hexes
 25836 | D:14     | Received a gift from Nemelex Xobeh
 26018 | D:14     | Reached skill level 19 in Stealth
 26209 | D:14     | Found a gate to the Vaults.
 26249 | D:14     | Reached XP level 15. HP: 101/101 MP: 21/30
 26706 | D:15     | Received a gift from Nemelex Xobeh
 26943 | D:15     | Received a gift from Nemelex Xobeh
 27319 | D:15     | Found a staircase to the Depths.
 27609 | D:11     | Learned a level 8 spell: Discord
 27707 | Spider:1 | Entered Level 1 of the Spider Nest
 27733 | Spider:1 | Reached skill level 1 in Charms
 27855 | Spider:1 | Received a gift from Nemelex Xobeh
 28056 | Swamp:1  | Entered Level 1 of the Swamp
 28303 | Elf:1    | Entered Level 1 of the Elven Halls
 28797 | Elf:1    | Reached skill level 20 in Stealth
 28872 | Elf:1    | Received a gift from Nemelex Xobeh
 29084 | Elf:1    | Noticed Kirke
 29099 | Elf:1    | Killed Kirke
 29305 | Elf:1    | Identified the Volume of Confrontation
 29952 | Elf:1    | Identified the +0 long sword "Pihiqihaho" {slice, rF+}
 30394 | Lair:3   | Reached skill level 5 in Charms
 30676 | Spider:1 | Reached skill level 5 in Dodging
 30678 | Spider:1 | Identified the +1 hunting sling of Inagos {freeze, rElec
                  | Str+6 Dex-3 SInv}
 30685 | Spider:1 | HP: 3/101 [wolf spider (28)]
 30685 | Spider:1 | Slain by a wolf spider

Levels and vault maps discovered:
D:1:      erik_arrival_orb_chamber, layout_basic, minmay_door_square,
          grunt_decor_resistance
D:2:      layout_rooms, first_ration
D:3:      layout_loops_ring, grunt_dithmenos_smoke, okawaru_altar_gauntlet_db,
          kennysheep_generic_room_15, uniq_jessica
D:4:      layout_loops_ring, nicolae_overflow_crystal_walls, enter_ossuary_5,
          serial_shops, shop, kennysheep_little_box, nicolae_shop_trees,
          nicolae_qazlal_eye_of_the_storm, uniq_grinder
D:5:      layout_loops_ring, minmay_between, uniq_ijyb, uniq_edmund
D:6:      layout_gridville, old_standard_altar, minmay_temple_entry_mini_moons,
          hellmonk_ghost_happy_afterlife
D:7:      layout_basic
D:8:      layout_loops_ring, eat_drink_and_be_merry_uskayaw, lemuel_round_altar
D:9:      layout_long_grid, amethyst_overflow_temple_binary, serial_shops,
          nicolae_shop_overgrown_old_shop, kennysheep_mini_moat, shop,
          shop_fountains, grunt_ogre_cave
D:10:     layout_gridville, orc_0_dummy
D:11:     layout_stronghold, erik_lair_orcish_takeover, st_stairs_5, uniq_fannar
D:12:     layout_grid_maze, nicolae_trove_entry_columns, serial_bayou_crossing
D:13:     layout_roguey, serial_shops, shop_statue, uniq_jorgrun
D:14:     layout_basic, grunt_vaults_entry_tiered,
          nicolae_ru_sacrificial_ziggurat, gauntlet_entry_generic, minivault_14
D:15:     grunt_enter_depths_magical_seal, layout_stronghold, solitary_fountain,
          hex_medium, nicolae_transmutations_shop, minmay_three_doors
Temple:   dpeg_chambers_temple
Lair:1:   layout_hall_layers, basic_altar, special_room [special_room_bee]
Lair:2:   layout_cave_pods, serial_bayou_lake_a, lemuel_fruit_fields
Lair:3:   layout_roguey, palyth_hydra_swamp_entry, uniq_sonja
Lair:4:   layout_misc_corridors, nicolae_spider_entry_tight_spaces,
          minivault_25, chequers_serial_rivers_marsh
Lair:5:   cheibrodos_lair_overgrown_chateau, layout_loops_ring, basic_altar,
          grunt_megastairs_1, infiniplex_staircase_pool
Lair:6:   minmay_lair_end_frog_pond, layout_regular_city, slime_dummy
Swamp:1:  layout_basic_swamp, nicolae_swamp_orc_logging_accident, swamp_pool1
Spider:1: nicolae_spider_mines_3
Orc:1:    layout_caves, nicolae_orc_flooded_monolith, guppyfry_orc_lava_fort
Orc:2:    st_orc_town, layout_diamond_mine, serial_shops, shop
Elf:1:    minmay_elf_arrival_summoners, layout_gridlike, serial_glass,
          glass_columns_c, glass_columns_a, feat_on_display,
          minmay_strange_pillars, minmay_elf_annihilation, uniq_kirke

Skill      XL: |  1  2  3  4  5  6  7  8  9 10 11 12 13 14 15 |
---------------+----------------------------------------------+-----
Stealth        | 5 6 7 8 10 11 13 14 16 17 19 20 | 20.7
Hexes          | 5 6 7 8 9 10 11 12 13 15 16 | 16.3
Short Blades   | 2 3 4 5 6 7 8 |  8.1
Ice Magic      | 1 2 3 4 5 6 7 8 |  8.4
Spellcasting   | 3 4 5 6 7 8 9 10 11 12 | 12.1
Fighting       | 1 2 3 4 |  4.7
Dodging        | 3 4 5 |  5.0
Invocations    | 1 3 5 6 8 9 |  9.7
Shields        | 2 3 |  3.3
Armour         | 1 2 3 |  3.7
Evocations     | 1 |  1.6
Charms         | 5 |  5.2
Throwing       | |  0.1
Conjurations   | |  0.7
Necromancy     | |  0.5
Air Magic      | |  0.8

Action                   |  1- 3 |  4- 6 |  7- 9 | 10-12 | 13-15 || total
-------------------------+-------+-------+-------+-------+-------++-------
Melee: Dagger            |   106 |   172 |   197 |   281 |   685 ||  1441
       Bite              |     7 |    15 |    10 |    22 |    78 ||   132
Throw: Dart              |       |       |     1 |       |     5 ||     6
 Cast: Corona            |    10 |     2 |     4 |     1 |       ||    17
       Ensorcelled Hiber |    27 |    29 |    72 |   142 |   292 ||   562
       Confuse           |     3 |    13 |    13 |    51 |   117 ||   197
       Tukima's Dance    |       |       |     8 |    14 |    25 ||    47
       Dazzling Spray    |       |       |       |     3 |    42 ||    45
       Silence           |       |       |       |       |     5 ||     5
       Regeneration      |       |       |       |       |    11 ||    11
       Discord           |       |       |       |       |     1 ||     1
Invok: Stack Five        |       |       |       |     1 |       ||     1
       Deal Four         |       |       |       |       |     3 ||     3
 Abil: Exsanguinate      |       |     1 |     2 |       |       ||     3
       Revivify          |       |     1 |     2 |       |       ||     3
       Draw Escape       |       |       |       |     4 |     3 ||     7
       Draw Destruction  |       |       |       |     8 |    10 ||    18
       Draw Summoning    |       |       |       |     2 |     7 ||     9
       Draw Stack        |       |       |       |       |     5 ||     5
Evoke: Wand              |       |       |       |    15 |     4 ||    19
       Box of beasts     |       |       |       |       |     1 ||     1
       Sack of spiders   |       |       |       |       |     1 ||     1
  Use: Scroll            |       |     4 |     2 |     9 |    12 ||    27
       Potion            |       |       |       |     1 |     4 ||     5
 Stab: Sleeping          |    26 |    22 |    63 |   127 |   256 ||   494
       Confused          |       |     3 |    11 |    12 |    51 ||    77
       Distracted        |       |       |     1 |       |     3 ||     4
       Invisible         |       |       |       |       |     4 ||     4
Armor: Robe              |    33 |    26 |    34 |       |       ||    93
       Leather armour    |       |       |       |    51 |   196 ||   247
       Skin              |       |       |       |    17 |    21 ||    38
Dodge: Dodged            |    84 |   107 |   144 |   122 |   379 ||   836
Block: Buckler           |       |    11 |    45 |    53 |   185 ||   294
